 Dungeon Sprint DCSS version 0.27.1-1-g398f81649c (webtiles) character file.

Game seed: 3552942818456194246

5858 styxcanada the Imperceptible (level 10, -17/53 HPs)
             Began as a Spriggan Brigand on Sept 13, 2021.
             Was an Initiate of Gozag.
             Demolished by Agnes (26 damage)
             ... in the Dungeon (Sprint IV: "Fedhas' Mad Dash").
             The game lasted 00:09:34 (1438 turns).

styxcanada the Imperceptible (Spriggan Brigand)     Turns: 1438, Time: 00:09:35

Health: -17/53     AC:  3    Str:  7    XL:     10   Next: 52%
Magic:  20/20      EV: 25    Int: 13    God:    Gozag
Gold:   1342       SH:  6    Dex: 20    Spells: 19/21 levels left

rFire    . . .     SeeInvis +   a - +2 dagger (flame)
rCold    . . .     Faith    .   o - +0 buckler
rNeg     . . .     Spirit   .   b - +0 robe
rPois    .         Reflect  .   (helmet restricted)
rElec    .         Harm     .   c - +0 cloak
rCorr    .         Rampage  .   (gloves unavailable)
Will     +....     NoTele   +   (boots unavailable)
Stlth    +++++++++.             l - amulet of invisibility {+Inv}
HPRegen  0.17/turn              (no ring)
MPRegen  0.17/turn              (no ring)

@: very slightly contaminated, invisible, very quick
A: very small, no large weapons, unfitting armour, see invisible, speed 3
a: Renounce Religion, Evoke Invisibility, Potion Petition, Call Merchant, Bribe
Branch


You were in the Dungeon.
You worshipped Gozag.
Gozag was most pleased with you.
You visited 1 branch You collected 2197 gold pieces.
You spent 855 gold pieces at shops.

Inventory:

Hand Weapons
 a - a +2 dagger of flaming (weapon)
 m - a +1 short sword of holy wrath
Missiles
 d - 27 poisoned darts (quivered)
 e - 6 curare-tipped darts
Armour
 b - a +0 robe (worn)
 c - a +0 cloak (worn)
 n - a scarf of resistance
 o - a +0 buckler (worn)
Jewellery
 l - the amulet of invisibility (around neck) {+Inv}
   (You found it in the Dungeon)

   [amulet of nothing]

   +Inv:      It lets you turn invisible.
Wands
 p - a wand of iceblast (5)
Scrolls
 j - 3 scrolls of identify
 k - a scroll of blinking
 r - a scroll of summoning
Potions
 f - a potion of curing
 h - a potion of haste
 i - 2 potions of magic


   Skills:
 * Level 6.6 Fighting
 + Level 6.0 Short Blades
 + Level 5.2 Throwing
 * Level 10.6 Dodging
 * Level 23.2 Stealth
 * Level 6.1 Spellcasting
 * Level 6.0 Hexes
 * Level 6.6 Transmutations
 * Level 4.8 Poison Magic
 * Level 11.9 Evocations


You had 19 spell levels left.
You knew the following spells:

 Your Spells              Type           Power      Damage    Failure   Level
a - Corona                Hex            21%        N/A       2%          1
b - Sting                 Tmut/Pois      72%        1d6       2%          1

Your spell library contained the following spells:

 Spells                   Type           Power      Damage    Failure   Level
 Tukima's Dance           Hex            19%        N/A       7%          3
 Ensorcelled Hibernation  Hex/Ice        22%        N/A       12%         2
 Poisonous Vapours        Pois/Air       20%        N/A       16%         2
 Olgreb's Toxic Radiance  Pois           16%        N/A       36%         4
 Corpse Rot               Necr/Air       N/A        N/A       38%         2
 Freezing Cloud           Conj/Ice/Air   2%         6-21      100%        5


Dungeon Overview and Level Annotations

Branches:
Dungeon (1/1)

Altars:
Cheibriados
Dithmenos
Elyvilon
Gozag
Hepliaklqana
Kikubaaqudgha
Makhleb
Nemelex Xobeh
Okawaru
Qazlal
Ru
Sif Muna
Trog
Uskayaw
Vehumet
Wu Jian
Xom
Yredelemnul
Zin
The Shining One
Beogh
Jiyva
Lugonu

Shops:
D !!(:(?

Annotations:
D Agnes


Innate Abilities, Weirdness & Mutations

You are very small and have problems with some larger weapons.
You are too small for most types of armour.
You have supernaturally acute eyesight. (SInv)
You cover ground extremely quickly. (Speed+++)


Message History

You are very lightly contaminated with residual magic.
You open the door.
Agnes the Wanderer comes into view.
She is wielding a +0 lajatang of electrocution and wearing a +1 robe of cold resistance.
Agnes shouts!
Unknown command.
There is an open door here.
Throw: 31 darts (poison)
Press: ? - help, Q - select action, (/) - cycle Shift-Dir - straight line, f - Agnes
Aim: Agnes, wielding a +0 lajatang of electrocution and wearing a +1 robe of cold resistance (38% to hit)
You throw a poisoned dart. The poisoned dart misses Agnes.
Agnes completely misses you.
Throw: 30 darts (poison)
Press: ? - help, Q - select action, (/) - cycle Shift-Dir - straight line, f/p - Agnes
Aim: Agnes, wielding a +0 lajatang of electrocution and wearing a +1 robe of cold resistance (38% to hit)
You throw a poisoned dart. The poisoned dart hits Agnes!
Agnes is poisoned.
Agnes hits you with a +0 lajatang of electrocution!!!
Ouch! That really hurt!
* * * LOW HITPOINT WARNING * * *
There is an open door here.
There is an open door here.
Agnes says, "You dishonour your ancestors."
You block Agnes's attack.
You feel much better.
Agnes hits you with a +0 lajatang of electrocution!
Agnes hits you with a +0 lajatang of electrocution!!
Ouch! That really hurt!
* * * LOW HITPOINT WARNING * * *
Throw: 29 darts (poison)
Press: ? - help, Q - select action, (/) - cycle Shift-Dir - straight line, f/p - Agnes
Aim: Agnes, wielding a +0 lajatang of electrocution and wearing a +1 robe of cold resistance (lightly wounded, poisoned, 38% to hit)
You throw a poisoned dart. The poisoned dart closely misses Agnes.
Agnes closely misses you.
Throw: 28 darts (poison)
Press: ? - help, Q - select action, (/) - cycle Shift-Dir - straight line, f/p - Agnes
Aim: Agnes, wielding a +0 lajatang of electrocution and wearing a +1 robe of cold resistance (lightly wounded, poisoned, 38% to hit)
You throw a poisoned dart. The poisoned dart misses Agnes.
Agnes misses you.
Agnes hits you with a +0 lajatang of electrocution!!
You die...
Your body crumbles into a pile of gold.

#################################
.†.#.....#.....#.⌠._._._._.⌠.#..'
P..'.)...'.#.(.'.._._._._._..'..#
PPP#.....#.#...#..._._._._...#..#
#############'##.._._._._._..#.[#
..♣........'...#._._._._._.⌠.####
.....♣.....#...##################
....♣..♣..######♣♣♣♣♣..♣.###.'..'
'####'######.)'.@i..(♣..♣##..#..#
.#....'.......#♣..♣♣♣.♣).###.##(#
)#.[###.......#.♣♣..♣...♣'...#♣.♣
##### ########################...
.♣.. .♣... .. ♣(. ## ###


You could see Agnes (poisoned).

Vanquished Creatures
  A spriggan druid (D)
  6 oklob plants (D)
  A demonic crawler (D)
  3 burning bushes (D)
  3 wandering mushrooms (D)
  A hornet (D)
  A queen bee (D)
  3 scorpions (D)
  4 killer bees (D)
  5 oklob saplings (D)
  5 spriggans (D)
  A river rat (D)
  A rat (D)
  A ballistomycete spore (D)
36 creatures vanquished.

Vanquished Creatures (others)
  A fungus (D)
1 creature vanquished.

Grand Total: 37 creatures vanquished

Notes
Turn   | Place    | Note
-------+----------+-------------------------------------------
     0 | D        | styxcanada the Spriggan Brigand began the quest for the
                  | Orb.
     0 | D        | Reached XP level 1. HP: 10/10 MP: 2/2
    12 | D        | Reached skill level 7 in Stealth
    12 | D        | Reached XP level 2. HP: 15/15 MP: 3/3
    26 | D        | Reached skill level 8 in Stealth
    48 | D        | Noticed an oklob sapling
    50 | D        | Killed an oklob sapling
    51 | D        | Reached skill level 10 in Stealth
    51 | D        | Reached XP level 3. HP: 18/18 MP: 4/4
    52 | D        | Noticed a scorpion
    52 | D        | Found the amulet of invisibility {+Inv}
    69 | D        | Killed a scorpion
    70 | D        | Reached skill level 12 in Stealth
    70 | D        | Reached XP level 4. HP: 13/23 MP: 5/5
   219 | D        | Found an opulent altar of Gozag.
   219 | D        | Found a hazy altar of Hepliaklqana.
   219 | D        | Found a burning altar of Makhleb.
   219 | D        | Found a sparkling altar of Nemelex Xobeh.
   219 | D        | Found a snail-covered altar of Cheibriados.
   219 | D        | Found a sacrificial altar of Ru.
   219 | D        | Found a shimmering blue altar of Sif Muna.
   219 | D        | Found a shimmering altar of Xom.
   219 | D        | Found a basalt altar of Yredelemnul.
   220 | D        | Found a viscous altar of Jiyva.
   220 | D        | Found a bloodstained altar of Trog.
   220 | D        | Found an ornate altar of the Wu Jian Council.
   221 | D        | Found an iron altar of Okawaru.
   221 | D        | Found a shadowy altar of Dithmenos.
   221 | D        | Found a glowing silver altar of Zin.
   222 | D        | Found an ancient bone altar of Kikubaaqudgha.
   222 | D        | Found a hide-covered altar of Uskayaw.
   223 | D        | Found a stormy altar of Qazlal.
   223 | D        | Found a white marble altar of Elyvilon.
   223 | D        | Found a glowing golden altar of the Shining One.
   224 | D        | Became a worshipper of Gozag Ym Sagoz the Greedy
   225 | D        | Found a corrupted altar of Lugonu.
   225 | D        | Found a radiant altar of Vehumet.
   229 | D        | Reached skill level 13 in Stealth
   229 | D        | Reached XP level 5. HP: 28/28 MP: 3/6
   241 | D        | Reached skill level 14 in Stealth
   285 | D        | Reached skill level 5 in Dodging
   286 | D        | Reached skill level 15 in Stealth
   286 | D        | Reached XP level 6. HP: 32/32 MP: 4/7
   315 | D        | Found Owni's Distillery.
   315 | D        | Found Lifre's Distillery.
   322 | D        | Bought a potion of degeneration for 14 gold pieces
   322 | D        | Bought a potion of might for 56 gold pieces
   325 | D        | Bought a potion of heal wounds for 70 gold pieces
   343 | D        | Noticed a burning bush
   343 | D        | Noticed a wandering mushroom
   344 | D        | Noticed a wandering mushroom
   348 | D        | Killed a wandering mushroom
   349 | D        | Reached skill level 17 in Stealth
   349 | D        | Reached skill level 5 in Evocations
   349 | D        | Killed a wandering mushroom
   350 | D        | Reached skill level 18 in Stealth
   350 | D        | Reached XP level 7. HP: 24/38 MP: 5/8
   376 | D        | Killed a burning bush
   377 | D        | Reached skill level 19 in Stealth
   391 | D        | Found Giostib's Book Emporium.
   391 | D        | Found Ehuovarph's Weapon Shoppe.
   400 | D        | Bought a Young Poisoner's Handbook for 200 gold pieces
   400 | D        | Bought a book of Maledictions for 180 gold pieces
   402 | D        | Learned a level 1 spell: Corona
   404 | D        | Learned a level 1 spell: Sting
   455 | D        | Reached XP level 8. HP: 31/42 MP: 6/9
   461 | D        | Noticed a queen bee
   469 | D        | Killed a queen bee
   470 | D        | Reached skill level 5 in Fighting
   470 | D        | Reached skill level 5 in Throwing
   470 | D        | Reached skill level 1 in Spellcasting
   470 | D        | Reached skill level 1 in Hexes
   470 | D        | Reached skill level 1 in Transmutations
   470 | D        | Reached skill level 1 in Poison Magic
   472 | D        | Reached skill level 20 in Stealth
   706 | D        | Noticed an oklob plant
   708 | D        | Identified the +3 leather armour of Hysteria {rPois Regen+
                  | Dex+4}
   709 | D        | Killed an oklob plant
   764 | D        | Noticed a burning bush
   767 | D        | Killed a burning bush
   768 | D        | Reached XP level 9. HP: 47/47 MP: 11/14
   846 | D        | Noticed a burning bush
   846 | D        | Noticed an oklob plant
   847 | D        | Noticed a wandering mushroom
   848 | D        | Killed a burning bush
   849 | D        | Reached skill level 21 in Stealth
   853 | D        | Killed an oklob plant
   854 | D        | Reached skill level 5 in Short Blades
   857 | D        | Killed a wandering mushroom
   911 | D        | Noticed a spriggan druid
   913 | D        | Killed a spriggan druid
   914 | D        | Reached skill level 22 in Stealth
   914 | D        | Reached skill level 5 in Transmutations
   914 | D        | Reached skill level 10 in Evocations
   975 | D        | Noticed an oklob plant conjurer
   976 | D        | Killed an oklob plant conjurer
  1042 | D        | Noticed an oklob plant
  1042 | D        | Noticed an oklob plant summoner
  1043 | D        | Noticed an oklob plant shifter
  1047 | D        | Killed an oklob plant
  1048 | D        | Reached skill level 10 in Dodging
  1048 | D        | Reached skill level 5 in Spellcasting
  1048 | D        | Reached skill level 5 in Hexes
  1048 | D        | Reached XP level 10. HP: 53/53 MP: 15/18
  1049 | D        | Killed an oklob plant summoner
  1052 | D        | Killed an oklob plant shifter
  1306 | D        | Noticed a spriggan rider
  1307 | D        | Found Agett's Weapon Emporium.
  1311 | D        | Found Paijey's Magic Scroll Shoppe.
  1315 | D        | Killed a spriggan rider
  1316 | D        | Reached skill level 23 in Stealth
  1353 | D        | Bought a scroll of brand weapon for 200 gold pieces
  1353 | D        | Bought a scroll of summoning for 95 gold pieces
  1353 | D        | Bought a scroll of identify for 20 gold pieces
  1353 | D        | Bought a scroll of identify for 20 gold pieces
  1416 | D        | Noticed Agnes
  1438 | D        | Demolished by Agnes

Illustrated notes

Levels and vault maps discovered:
D:        dungeon_sprint_fedhas [sprint_temple]

Skill      XL: |  1  2  3  4  5  6  7  8  9 10 |
---------------+-------------------------------+-----
Fighting       | 2 3 4 5 6 |  6.6
Dodging        | 2 3 4 5 7 8 10 | 10.6
Stealth        | 7 10 12 13 15 18 19 20 22 23 | 23.2
Throwing       | 3 4 5 |  5.2
Short Blades   | 3 4 5 6 |  6.0
Evocations     | 2 3 5 6 8 10 11 | 11.9
Spellcasting   | 3 5 6 |  6.1
Hexes          | 3 5 6 |  6.0
Transmutations | 3 5 6 |  6.6
Poison Magic   | 2 4 |  4.8

Action                   |  1- 3 |  4- 6 |  7- 9 | 10-12 || total
-------------------------+-------+-------+-------+-------++-------
Melee: Dagger            |     7 |     5 |       |       ||    12
       Short sword       |       |     3 |    44 |    21 ||    68
Throw: Dart              |    10 |       |       |     4 ||    14
 Abil: Evoke Invisibilit |       |     3 |     7 |     2 ||    12
Evoke: Wand              |       |       |       |     1 ||     1
  Use: Potion            |       |       |     1 |     3 ||     4
       Scroll            |       |       |     2 |     1 ||     3
 Stab: Sleeping          |     2 |     7 |    12 |     4 ||    25
       Invisible         |       |       |     6 |       ||     6
       Distracted        |       |       |       |     1 ||     1
Armor: Robe              |       |       |     1 |     2 ||     3
Dodge: Dodged            |     2 |     1 |     7 |    35 ||    45
Block: Buckler           |       |       |       |     1 ||     1
